 Dungeon Crawl Stone Soup version 0.31.0-11-ge490571c62 (webtiles) character file.

Game seed: 9074162297034188944

33943 ces the Covert (level 13, -11/70 HPs)
             Began as a Gargoyle Earth Elementalist on Feb 2, 2024.
             Was a High Priest of Vehumet.
             Mangled by an orc warlord
             ... wielding a +2 vampiric war axe
              (21 damage)
             ... on level 11 of the Dungeon.
             The game lasted 01:25:39 (21872 turns).

ces the Covert (Gargoyle Earth Elementalist)       Turns: 21872, Time: 01:25:39

Health: -11/70     AC: 13    Str: 12    XL:     13   Next: 74%
Magic:  25/25      EV: 19    Int: 21    God:    Vehumet [*****.]
Gold:   1863       SH:  0    Dex: 10    Spells: 1/29 levels left

rFire   + . .        D - staff of fire
rCold   . . .        (no shield)
rNeg    + . .        a - +2 robe
rPois   ∞            (helmet restricted)
rElec   +            (no cloak)
rCorr   +            (no gloves)
SInv    .            (no boots)
Will    .....        k - amulet of magic regeneration
Stlth   ++           m - ring of resist corrosion
HPRegen 0.31/turn    t - +5 ring of evasion
MPRegen 0.59/turn

%: no passive effects
@: confused, ambrosia-drunk
A: sickness immunity, AC +9, negative energy resistance 1, electricity
resistance, torment resistance 1, petrification resistance, beak, mutation
resistance 1
a: Renounce Religion


You were on level 11 of the Dungeon.
You worshipped Vehumet.
Vehumet was extremely pleased with you.
You visited 4 branches of the dungeon, and saw 18 of its levels.

You collected 1863 gold pieces.

Inventory:

Missiles
 s - 4 throwing nets
Armour
 a - a +2 robe (worn)
Magical Staves
 B - a staff of death
 D - a staff of fire (weapon)
Jewellery
 k - an amulet of magic regeneration (around neck)
 m - a ring of resist corrosion (left hand)
 t - a +5 ring of evasion (right hand)
Wands
 b - a wand of flame (57)
 o - a wand of roots (19)
 q - a wand of charming (13)
 y - a wand of polymorph (1)
 C - a wand of mindburst (1)
Scrolls
 c - a scroll of revelation
 d - a scroll of teleportation
 e - 4 scrolls of vulnerability
 g - 3 scrolls of fog
 h - a scroll of silence
 i - 3 scrolls of immolation
 j - a scroll of torment {unknown}
 l - a scroll of enchant weapon {unknown}
 n - 4 scrolls of enchant armour
 r - a scroll of noise {unknown}
 u - a scroll of acquirement {unknown}
Potions
 f - 8 potions of ambrosia
 p - 2 potions of brilliance
 x - a potion of mutation
 z - 4 potions of lignification
 A - a potion of enlightenment


   Skills:
 + Level 3.9 Fighting
 + Level 8.1 Dodging
 + Level 12.2 Stealth
 + Level 8.9 Spellcasting
 - Level 10.5 Conjurations
 - Level 3.6 Hexes
 - Level 12.0 Earth Magic
 - Level 6.1 Alchemy


You had one spell level left.
You knew the following spells:

 Your Spells              Type           Power      Damage    Failure   Level
a - Sandblast             Erth           100%       2d20      1%          1
b - Stone Arrow           Conj/Erth      100%       3d13      1%          3
c - Passwall              Erth           56%        N/A       1%          3
d - Slow                  Hex            96%        N/A       1%          1
e - Brom's Barrelling Bo  Conj/Erth      54%        2d7       1%          4
f - Petrify               Alch/Erth      47%        N/A       1%          4
g - Fulminant Prism       Conj/Alch      22%        3d12      1%          4
h - Mephitic Cloud        Conj/Alch/Air  32%        N/A       1%          3
i - Lee's Rapid Deconstr  Erth           28%        3d15*     1%          5

Your spell library contained the following spells:

 Spells                   Type           Power      Damage    Failure   Level
 Arcjolt                  Conj/Air       15%        1d25      6%          5
 Magic Dart               Conj           100%       1d8       1%          1
 Searing Ray              Conj           100%       2d8       1%          2
 Jinxbite                 Hex            48%        N/A       2%          2
 Confusing Touch          Hex            24%        N/A       4%          3
 Sigil of Binding         Hex            24%        N/A       4%          3
 Tukima's Dance           Hex            24%        N/A       4%          3
 Animate Armour           Summ/Erth      68%        N/A       6%          4
 Fireball                 Conj/Fire      23%        3d11      6%          5
 Cause Fear               Hex            12%        N/A       16%         4
 Vampiric Draining        Necr           9%         2d6       22%         3
 Summon Lightning Spire   Summ/Air       9%         N/A       58%         4
 Monstrous Menagerie      Summ           4%         N/A       100%        7
 Dragon's Call            Summ           4%         N/A       100%        9


Dungeon Overview and Level Annotations

Branches:
Dungeon (12/15)            Temple (1/1) D:6            Lair (4/5) D:11
  Swamp (0/4) Lair:2        Snake (0/4) Lair:3          Orc (1/2) D:11
  Slime: Lair:4-5

Altars:
Ashenzari
Cheibriados
Dithmenos
Elyvilon
Fedhas
Gozag
Hepliaklqana
Kikubaaqudgha
Makhleb
Nemelex Xobeh
Okawaru
Qazlal
Ru
Sif Muna
Trog
Uskayaw
Vehumet
Wu Jian
Xom
Yredelemnul
Zin
The Shining One

Shops:
D:4 :

Annotations:
D:3 Robin
D:7 Jeremiah
D:8 Erica
D:10 2 transporters, Jingleheimer's ghost, journeyman OpSh


Innate Abilities, Weirdness & Mutations

You are immune to sickness and miasma.
Your stone body is resilient. (AC +9)
You are immune to poison.
You resist negative energy. (rN+)
You are resistant to electric shocks. (rElec)
You are resistant to unholy torment.
You are immune to petrification.
You have a beak for a mouth.
You are somewhat resistant to further mutation.


Message History

Magic restored.
You start resting.
You flicker for a moment.
You start resting.
You flicker back into view.
You start resting.
HP restored.
What level of the Orcish Mines? (default 1, ? - help)
There is a staircase to the Orcish Mines here.
You climb downwards.
Welcome back to the Orcish Mines!
The orc warrior closely misses you. The boulder beetle closely misses you.
The ogre misses you. The orc barely misses you. The orc warrior misses you.
The orc warlord roars a battlecry!
The orcs go into a battle-frenzy!
The boulder beetle closely misses you. The orc warrior closely misses you.
There is a staircase back to the Dungeon here.
There are monsters nearby!
The orc hits you but does no damage.
The orc warrior hits you with a +0 short sword!
The boulder beetle bites you but does no damage.
The ogre hits you with a +0 giant club!!
The orc warlord hits you with a +2 vampiric war axe!!
* * * LOW HITPOINT WARNING * * *
The orc warrior misses you.
You climb upwards.
Welcome back to the Dungeon!
There is a staircase to the Orcish Mines here.
Okay, then.
Okay, then.
Okay, then.
Okay, then.
Okay, then.
Casting: Fulminant Prism (mildly dangerous; 1% risk of failure)
Confirm with . or Enter, or press ? or * to list all spells.
Okay, then.
Okay, then.
You are confused.
You feel invigorated. The orc barely misses you.
The orc warrior hits you but does no damage.
The orc warlord hits you with a +2 vampiric war axe!!
You die...

##..'.......'.#.........<#.
#...#.#...#.#.#............
#.♣.#.......###............
#...############...........
##..#..#..#................
##.#..##.#................
##...###..................
##.......oo................
#......#..@O...............
#######........B.o...............
##.............................^.
##...............................
.................................
..#........##....................
....)......###...>.....##.^......
........................##.......
.........................##......


You could see an orc warlord, a boulder beetle, an orc warrior (strong), an ogre
and an orc (strong).

Vanquished Creatures
  Harold (D:9)
  A catoblepas (Lair:2)
  Erolcha (D:9)
  4 two-headed ogres
  A skyshark (Lair:2)
  A fire crab (Lair:3)
  Lodul (D:11)
  A swamp dragon (Lair:2)
  Maurice (D:7)
  3 elephants
  5 black mambas
  A torpor snail (Lair:2)
  Maggie (D:7)
  A gargoyle (D:11)
  6 cane toads
  6 rime drakes (Lair:2)
  5 komodo dragons
  Psyche (D:8)
  2 trolls
  A queen bee (D:10)
  A polar bear (Lair:3)
  12 blink frogs
  A hornet (D:11)
  26 yaks
  9 wyverns
  A fire bat (D:11)
  2 vampires
  2 wraiths (D:10)
  6 basilisks
  A steam dragon (D:8)
  A warg (Orc:1)
  An acid dragon (D:9)
  3 nagas (Lair:3)
  A hell hound (D:11)
  5 water moccasins
  Duvessa (D:7)
  4 orc warriors
  A sky beast (D:11)
  3 ice beasts
  5 black bears
  11 ogres
  8 wolves
  3 centaurs
  2 phantoms
  3 kobold brigands
  9 bullfrogs
  2 gnoll sergeants
  7 scorpions
  Dowan (D:7)
  33 killer bees
  4 howler monkeys
  2 electric eels
  3 hounds
  2 jellies
  3 bombardier beetles
  9 orc priests
  4 sleepcaps
  A gnoll bouda (D:5)
  6 iguanas
  20 orc wizards
  12 gnolls
  6 adders
  14 white imps
  2 ufetubi (D:6)
  A dart slug (D:1)
  A ribbon worm (D:4)
  47 orcs
  6 ball pythons
  6 bats
  6 endoplasms
  A giant cockroach (D:1)
  15 goblins
  7 hobgoblins
  8 jackals
  5 quokkas
  2 frilled lizards
  13 kobolds
  4 rats
419 creatures vanquished.

Vanquished Creatures (collateral kills)
  A killer bee (D:10)
  30 boulders
31 creatures vanquished.

Vanquished Creatures (others)
  41 boulders
  14 fulminant prisms
55 creatures vanquished.

Grand Total: 505 creatures vanquished

Notes
Turn   | Place    | Note
-------+----------+-------------------------------------------
     0 | D:1      | ces the Gargoyle Earth Elementalist began the quest for the
                  | Orb.
     0 | D:1      | Reached XP level 1. HP: 10/10 MP: 3/3
    42 | D:1      | Reached XP level 2. HP: 5/15 MP: 0/5
   517 | D:1      | Reached XP level 3. HP: 19/19 MP: 4/6
  1081 | D:2      | Reached XP level 4. HP: 24/24 MP: 4/7
  1902 | D:3      | Noticed an ogre
  1903 | D:3      | Noticed Robin
  1911 | D:4      | Found Kuazi's Book Emporium.
  1939 | D:4      | Noticed a scorpion
  1970 | D:4      | Killed an ogre
  1971 | D:4      | Reached XP level 5. HP: 22/28 MP: 1/9
  2074 | D:4      | Reached XP level 6. HP: 23/32 MP: 3/10
  2258 | D:4      | Learned a level 3 spell: Stone Arrow
  2262 | D:4      | Learned a level 3 spell: Passwall
  2660 | D:4      | Reached skill level 5 in Earth Magic
  2818 | D:4      | Learned a level 1 spell: Slow
  3194 | D:4      | Reached XP level 7. HP: 35/36 MP: 7/12
  3251 | D:5      | Entered Level 5 of the Dungeon
  3725 | D:5      | Reached skill level 1 in Hexes
  4089 | D:5      | Reached XP level 8. HP: 41/41 MP: 4/13
  4686 | D:5      | Reached skill level 5 in Conjurations
  4711 | D:5      | Reached skill level 5 in Stealth
  4774 | D:5      | Noticed a troll
  4939 | D:5      | Killed a troll
  5105 | D:5      | Reached XP level 9. HP: 45/45 MP: 5/15
  5757 | D:6      | Found a blossoming altar of Fedhas.
  5763 | D:6      | Found an ornate altar of the Wu Jian Council.
  5904 | D:6      | Learned a level 4 spell: Brom's Barrelling Boulder
  6248 | D:6      | Found a staircase to the Ecumenical Temple.
  6254 | Temple   | Entered the Ecumenical Temple
  6279 | Temple   | Became a worshipper of Vehumet
  6441 | D:7      | Noticed Maurice
  6512 | D:7      | Noticed Maggie
  6550 | D:7      | Killed Maggie
  6879 | D:7      | Killed Maurice
  6880 | D:7      | Reached skill level 5 in Spellcasting
  6880 | D:7      | Reached XP level 10. HP: 50/50 MP: 6/17
  7422 | D:7      | Noticed Dowan
  7424 | D:7      | Noticed Duvessa
  7466 | D:7      | Killed Dowan
  7649 | D:7      | Noticed Jeremiah
  7678 | D:7      | Learned a level 4 spell: Petrify
  7720 | D:7      | Killed Duvessa
  8237 | D:8      | Noticed Psyche
  8483 | D:8      | Killed Psyche
  8550 | D:8      | Reached skill level 1 in Alchemy
  8601 | D:8      | Noticed a two-headed ogre
  8624 | D:8      | Killed a two-headed ogre
  8625 | D:8      | Reached skill level 5 in Dodging
  9206 | D:8      | Noticed Erica
  9321 | D:8      | Reached * piety under Vehumet
  9321 | D:8      | Offered knowledge of Freeze by Vehumet.
  9647 | D:9      | Noticed a two-headed ogre
  9651 | D:9      | Killed a two-headed ogre
  9699 | D:9      | Noticed Harold
  9935 | D:9      | Noticed Erolcha
  9974 | D:9      | Killed Erolcha
  9975 | D:9      | Reached XP level 11. HP: 54/54 MP: 6/19
 10222 | D:9      | Killed Harold
 10223 | D:9      | Reached skill level 10 in Earth Magic
 10641 | D:10     | Entered Level 10 of the Dungeon
 10670 | D:10     | Learned a level 4 spell: Fulminant Prism
 10683 | D:10     | Found a transporter.
 10686 | D:10     | Noticed Jingleheimer's ghost (journeyman OpSh)
 10705 | D:10     | Found a transporter.
 10748 | D:10     | Offered knowledge of Foxfire by Vehumet.
 10841 | D:10     | Reached ** piety under Vehumet
 11547 | D:10     | Identified the death talisman of Evolution {rC++ Dex+2}
 11596 | D:10     | Gained mutation: You have a beak for a mouth. [potion of
                  | mutation]
 11596 | D:10     | Gained mutation: You are somewhat resistant to further
                  | mutation. [potion of mutation]
 12126 | D:10     | Offered knowledge of Mephitic Cloud by Vehumet.
 12379 | D:11     | Got Tuseink's Lectures on Alluring Adjuration
 12423 | D:11     | Found a staircase to the Orcish Mines.
 12448 | D:11     | Found a shimmering altar of Xom.
 12515 | D:11     | Noticed a boulder beetle
 12798 | D:9      | Reached skill level 10 in Stealth
 13138 | D:11     | Noticed a two-headed ogre
 13166 | D:11     | Killed a two-headed ogre
 13167 | D:11     | Reached XP level 12. HP: 59/59 MP: 10/22
 13402 | D:11     | Noticed a two-headed ogre
 13475 | D:11     | Killed a two-headed ogre
 13476 | D:11     | Reached skill level 5 in Alchemy
 13615 | D:11     | Noticed Lodul
 14622 | D:11     | Reached *** piety under Vehumet
 14645 | D:11     | Killed Lodul
 14787 | D:11     | Found a staircase to the Lair.
 14879 | Lair:1   | Entered Level 1 of the Lair of Beasts
 15102 | Lair:1   | Learned a level 3 spell: Mephitic Cloud
 15338 | Lair:1   | You fall into a shaft and drop 1 floor!
 15358 | Lair:2   | Noticed a skyshark
 15735 | Lair:1   | Offered knowledge of Flame Wave by Vehumet.
 16505 | Lair:2   | Reached skill level 10 in Conjurations
 16568 | Lair:2   | Reached **** piety under Vehumet
 17028 | Lair:2   | Offered knowledge of Irradiate by Vehumet.
 17029 | Lair:2   | Reached XP level 13. HP: 63/63 MP: 18/24
 17319 | Lair:2   | Learned a level 5 spell: Lee's Rapid Deconstruction
 17611 | Lair:2   | Reached skill level 1 in Fighting
 18407 | Lair:2   | Found a staircase to the Swamp.
 18481 | Lair:2   | Found a stormy altar of Qazlal.
 19765 | Lair:3   | Found a staircase to the Snake Pit.
 20096 | Lair:3   | Reached ***** piety under Vehumet
 20568 | Lair:3   | Offered knowledge of Arcjolt by Vehumet.
 20972 | Orc:1    | Entered Level 1 of the Orcish Mines
 21138 | Orc:1    | Noticed an orc warlord
 21872 | D:11     | Mangled by an orc warlord

Illustrated notes

Levels and vault maps discovered:
D:1:      minmay_arrival_arboretum_small, layout_basic
D:2:      layout_basic, serial_glass, glass_columns_a, glass_columns_a,
          chequers_serial_rivers_micro_c
D:3:      layout_basic, uniq_robin
D:4:      layout_basic, serial_shops, nicolae_shop_statue_plus
D:5:      layout_cave_pods, nzn_random_ring
D:6:      layout_loops_cross, mainiacjoe_overflow_catwalk_spiral,
          minmay_temple_entry_fiery
D:7:      layout_layer_cave, uniq_duvessa, uniq_jeremiah, uniq_maggie,
          uniq_maurice
D:8:      layout_cave_pods, uniq_erica, uniq_psyche
D:9:      layout_roguey, enter_bailey_1, serial_bayou_lake_a, uniq_harold,
          uniq_erolcha
D:10:     layout_loops_ring, special_room [special_room_bee],
          gammafunk_ghost_stat_death, nicolae_figureground_pulse
D:11:     layout_cave_pools, lair_entry_dummy, orc_0_dummy,
          regret_index_xom_of_box, uniq_lodul
D:12:     layout_rooms
Temple:   mainiacjoe_temple_big_plus
Lair:1:   layout_regular_city, serial_forest, infiniplex_forest_lined_ring,
          infiniplex_forest_straight_3, infiniplex_forest_split,
          infiniplex_forest_end_2, infiniplex_forest_clump_double,
          infiniplex_forest_lined_3, portal_ice_cave_entry_imps
Lair:2:   regret_index_malice_mire, layout_regular_city,
          mainiacjoe_swamp_entry_lozenge_pond, basic_altar
Lair:3:   layout_long_grid, guppyfry_snake_entry_garden, hibernation_bobbens,
          lemuel_fruit_fields, serial_bayou_shore_b, infiniplex_staircase_pool
Lair:4:   layout_long_grid, hangedman_tree_tricks
Orc:1:    layout_caves

Skill      XL: |  1  2  3  4  5  6  7  8  9 10 11 12 13 |
---------------+----------------------------------------+-----
Earth Magic    | 4 5 6 7 9 10 11 12 | 12.0
Dodging        | 2 3 4 5 6 7 8 |  8.1
Conjurations   | 2 3 4 5 7 8 9 10 | 10.5
Stealth        | 3 4 5 6 8 10 11 12 | 12.2
Spellcasting   | 3 4 5 6 7 8 |  8.9
Hexes          | 1 2 3 |  3.6
Alchemy        | 3 4 5 6 |  6.1
Fighting       | 3 |  3.9

Action                     |  1- 3 |  4- 6 |  7- 9 | 10-12 | 13-15 || total
---------------------------+-------+-------+-------+-------+-------++-------
  Melee: Unarmed           |    16 |     2 |     2 |     4 |     5 ||    29
         Peck              |       |       |       |       |     1 ||     1
   Cast: Sandblast         |    46 |    82 |     9 |       |       ||   137
         Slow              |       |     6 |    33 |     9 |       ||    48
         Stone Arrow       |       |     3 |   124 |   364 |   176 ||   667
         Brom's Barrelling |       |       |     9 |   127 |    34 ||   170
         Passwall          |       |       |       |     3 |       ||     3
         Petrify           |       |       |       |       |    25 ||    25
         Fulminant Prism   |       |       |       |       |    14 ||    14
         Mephitic Cloud    |       |       |       |       |     1 ||     1
         Lee's Rapid Decon |       |       |       |       |     1 ||     1
  Evoke: Wand              |       |       |       |     2 |    11 ||    13
    Use: Potion            |     1 |       |     5 |     7 |     3 ||    16
         Scroll            |       |       |     4 |    10 |     3 ||    17
 Armour: Robe              |    31 |    56 |    42 |   161 |    89 ||   379
         Skin              |       |       |     1 |     3 |       ||     4
  Dodge: Dodged            |    30 |    57 |    34 |   206 |    84 ||   411
